 Dungeon Crawl Stone Soup version 0.26-a0-831-g7192265339 (webtiles) character file.

Game seed: 10177948170946230444

60161 lunkers the Stormcaller (level 14, -1/88 HPs)
             Began as a Tengu Air Elementalist on Nov 13, 2020.
             Was a High Priest of Ashenzari.
             Slain by a lindwurm (10 damage)
             ... on level 6 of the Lair of Beasts on Nov 16, 2020.
             The game lasted 00:52:08 (28812 turns).

lunkers the Stormcaller (Tengu Air Elementalist)   Turns: 28812, Time: 00:52:09

Health: -1/88      AC: 20    Str: 10    XL:     14   Next: 98%
Magic:  8/29       EV: 14    Int: 19    God:    Ashenzari [*****.]
Gold:   1177       SH: 10    Dex: 15    Spells: 21/33 levels left

rFire    + . .     SeeInvis +   a - +1 demon trident (elec) (curse)
rCold    . . .     Faith    .   B - +0 kite shield
rNeg     . . .     Spirit   .   D - quicksilver dragon scales (curse)
rPois    +         Reflect  .   (helmet restricted)
rElec    .         Harm     .   T - +0 cloak of the Invisible Wishes {rF+} (curse)
rCorr    .         Rampage  .   M - +1 pair of gloves
MR       ++...     Clarity  +   (boots unavailable)
Stlth    +.........             G - amulet of regeneration (curse)
HPRegen  0.64/turn              c - +4 ring of protection (curse)
MPRegen  0.21/turn              w - ring of poison resistance (curse)

@: flying quickly and evasively, quick
A: beak, talons 3, able to fly
a: Stop Flying, Curse Item, Scrying, Transfer Knowledge, Renounce Religion


You were on level 6 of the Lair of Beasts.
You worshipped Ashenzari.
Ashenzari was extremely pleased with you.
You visited 3 branches of the dungeon, and saw 19 of its levels.
You also visited: Sewer, Gauntlet and Ice Cave.

You collected 1677 gold pieces.
You spent 500 gold pieces at shops.

Inventory:

Hand Weapons
 a - a cursed +1 demon trident of electrocution (weapon)
 U - a +0 demon whip of venom
Missiles
 W - 17 silver javelins (quivered)
Armour
 j - a scarf of resistance
 B - a +0 kite shield (worn)
 D - cursed quicksilver dragon scales (worn)
 M - a +1 pair of gloves (worn)
 T - the cursed +0 cloak of the Invisible Wishes (worn) {rF+}
   (You found it in a Gauntlet)

   It protects you from fire.
   It has a curse placed upon it.
Jewellery
 c - a cursed +4 ring of protection (left hand)
 n - an uncursed ring of ice
 w - a cursed ring of poison resistance (right hand)
 y - an uncursed ring of protection from cold
 E - an uncursed ring of protection from magic
 G - a cursed amulet of regeneration (around neck)
 R - an uncursed ring of fire
 V - an uncursed ring of magical power
 Z - the ring of Tiottaom {rElec Stlth-}
   (You found it on level 5 of the Lair of Beasts)

   [ring of attention]

   It insulates you from electricity.
   It makes you less stealthy.
Wands
 e - a wand of flame (80)
 o - a wand of iceblast (31)
 p - a wand of acid (24)
 r - a wand of paralysis (15)
 x - a wand of digging (33)
 K - a wand of random effects (12)
 N - a wand of polymorph (34)
Scrolls
 d - 4 scrolls of fear
 f - 5 scrolls of enchant armour
 g - 6 scrolls of teleportation
 k - 2 scrolls of blinking
 m - a scroll of fog
 s - 2 scrolls of amnesia
 C - a scroll of random uselessness {unknown}
 H - 2 scrolls of magic mapping
 J - a scroll of silence
 L - 4 scrolls of identify
 S - a scroll of enchant weapon
 Y - a scroll of brand weapon {unknown}
Potions
 b - 10 potions of curing
 h - 2 potions of invisibility
 i - 5 potions of lignification
 q - 5 potions of might
 t - 5 potions of flight
 u - a potion of brilliance {unknown}
 v - 5 potions of attraction
 z - 2 potions of cancellation
 A - 3 potions of magic
 F - a potion of resistance
 I - a potion of berserk rage
 O - 4 potions of heal wounds
 P - 3 potions of haste
 X - 3 potions of mutation
Miscellaneous
 l - a condenser vane
 Q - a lightning rod (4/4)


   Skills:
 + Level 10.6 Fighting
 - Level 11.3(15.0) Polearms
 + Level 9.2 Armour
 + Level 6.3 Dodging
 - Level 2.0 Stealth
 + Level 6.8 Shields
 - Level 10.0 Spellcasting
 - Level 8.0(12.0) Conjurations
 - Level 16.5(19.8) Air Magic


You had 21 spell levels left.
You knew the following spells:

 Your Spells              Type           Power        Failure   Level
b - Static Discharge      Conj/Air       ######..     1%          3
d - Lightning Bolt        Conj/Air       ######....   1%          5
e - Airstrike             Air            ######....   1%          4

Your spell library contained the following spells:

 Spells                   Type           Power        Failure   Level
 Shock                    Conj/Air       ####         1%          1
 Swiftness                Air            ######..     1%          2
 Beastly Appendage        Tmut           ##....       34%         1
 Wereblood                Tmut           ##......     47%         2
 Spider Form              Tmut/Pois      ##........   71%         3
 Ice Form                 Ice/Tmut       ##......     98%         4
 Blade Hands              Tmut           ##........   100%        5


Dungeon Overview and Level Annotations

Branches:
Dungeon (12/15)            Temple (1/1) D:6            Lair (6/6) D:11
  Swamp (0/4) Lair:3       Spider (0/4) Lair:4          Orc (0/2) D:12
  Sewer (visited)           IceCv (visited)         Gauntlet (visited)
  Slime: Lair:5-6

Altars:
Ashenzari
Cheibriados
Dithmenos
Elyvilon
Fedhas
Gozag
Hepliaklqana
Kikubaaqudgha
Makhleb
Nemelex Xobeh
Okawaru
Qazlal
Ru
Sif Muna
Trog
Uskayaw
Vehumet
Wu Jian
Xom
Yredelemnul
Zin
The Shining One

Shops:
D:11 *

Annotations:
D:7 2 runed translucent doors, exclusion: orange crystal statue
D:12 3 runed translucent doors, Sun's ghost, journeyman DgFE


Innate Abilities, Weirdness & Mutations

You have a beak for a mouth.
You have claws for feet.
You can fly continuously.


Message History

The ooze is almost dead.
You are struck by an arc of lightning.
* * * LOW HITPOINT WARNING * * *
The jelly is struck by an arc of lightning.
The jelly is lightly wounded.
The lindwurm is struck by an arc of lightning.
The lindwurm is lightly wounded.
The lightning grounds out.
The lindwurm is struck by an arc of lightning!
The lindwurm is heavily wounded.
The ooze is struck by an arc of lightning.
You kill the ooze!
The lightning grounds out.
The dream sheep is struck by an arc of lightning!
You kill the dream sheep!
The fungus is struck by an arc of lightning.
The fungus begins to die.
The fungus is lightly damaged.
The lightning grounds out.
The lindwurm bites you!
You die...

##..........####*,,,
#.............#* , ,
##..............,
,,, ,
##......P...#.., * ,
##......PP..., ,,
##......P... , ,
#......##*, . ,
##..†††P#...., , ,
** * ##..@J......,,
,#.....†JkJ..... ,,
#............... ,
##..((.......... ,,
#...P(........., ,
#...(P....!.... ,, ,
** #.............. ,
,* P..............,
, * * , ,, ,, ,,, ,
,,, ,


You could see a lindwurm, 2 jellies and an ooze.

Vanquished Creatures
  A frost giant (IceCv)
  A balrug (Gauntlet)
  A minotaur (Gauntlet)
  Snorg (Lair:6)
  Josephine (D:11)
  4 hydras
  A death yak (IceCv)
  A two-headed ogre (D:12)
  Nergalle (Lair:2)
  A swamp dragon (Lair:3)
  An unseen horror (D:10)
  4 oklob plants (Lair:1)
  11 elephants
  Psyche (D:11)
  A worldbinder (Gauntlet)
  Joseph (D:8)
  2 black mambas
  An ice statue (IceCv)
  16 cane toads
  A centaur skeleton (D:12)
  Maggie (Lair:1)
  A rime drake (Lair:4)
  2 ice devils (Lair:2)
  3 trolls
  5 jumping spiders (Lair:4)
  A merfolk (D:11)
  17 polar bears (IceCv)
  11 dream sheep
  26 blink frogs
  A raiju (Gauntlet)
  Sigmund (D:2)
  A redback (Lair:4)
  4 wraiths
  60 yaks
  3 wyverns
  Grum (D:10)
  3 basilisks
  5 steam dragons
  2 vampire mosquitoes (D:12)
  2 wargs
  A soldier ant (D:12)
  10 water moccasins
  A hell hound (Gauntlet)
  5 orc warriors
  2 ice beasts
  A hornet zombie (D:10)
  4 black bears
  5 phantoms
  3 sky beasts
  3 boggarts (Gauntlet)
  3 necrophages
  33 wolves
  8 ogres
  10 centaurs
  10 big kobolds
  A wyvern zombie (D:12)
  2 gnoll sergeants
  13 bullfrogs
  5 scorpions
  A wyvern skeleton (D:10)
  3 water moccasin skeletons
  4 killer bees (D:8)
  14 wights
  6 howler monkeys
  An electric eel (Lair:1)
  A bullfrog zombie (D:12)
  A quasit (D:12)
  Crazy Yiuf (D:4)
  3 hounds
  3 jellies
  14 orc wizards
  10 orc priests
  4 bullfrog skeletons
  A gnoll shaman (D:9)
  5 iguanas
  10 worker ants
  A hell rat (Lair:1)
  A howler monkey zombie (D:6)
  2 worker ant zombies
  15 gnolls
  17 adders
  5 river rats
  2 shadow imps
  3 white imps
  An ufetubus (D:7)
  9 oozes
  6 worms
  2 dart slugs (D:1)
  6 leopard geckos
  69 orcs
  5 giant cockroaches
  6 goblins
  6 hobgoblins
  9 jackals
  3 quokkas
  6 ball pythons
  11 bats
  4 frilled lizards
  18 kobolds
  A quokka skeleton (D:9)
  14 rats
626 creatures vanquished.

Vanquished Creatures (others)
  14 demonic plants (Gauntlet)
  26 fungi
  102 plants
  2 withered plants (Gauntlet)
144 creatures vanquished.

Grand Total: 770 creatures vanquished

Notes
Turn   | Place    | Note
-------+----------+-------------------------------------------
     0 | D:1      | lunkers the Tengu Air Elementalist began the quest for the
                  | Orb.
     0 | D:1      | Reached XP level 1. HP: 10/10 MP: 4/4
    80 | D:1      | Found an iron altar of Okawaru.
    87 | D:1      | Reached XP level 2. HP: 15/15 MP: 3/6
   636 | D:1      | Reached skill level 5 in Air Magic
   782 | D:1      | Reached XP level 3. HP: 19/19 MP: 2/7
   787 | D:1      | Learned a level 3 spell: Static Discharge
  1465 | D:2      | Reached XP level 4. HP: 24/24 MP: 4/9
  1467 | D:2      | Noticed Sigmund
  1491 | D:2      | Reached skill level 6 in Air Magic
  2289 | D:2      | Killed Sigmund
  2289 | D:2      | Reached skill level 7 in Air Magic
  2289 | D:2      | Gained mutation: You can fly continuously. [Tengu growth]
  2289 | D:2      | Reached XP level 5. HP: 18/28 MP: 3/11
  2289 | D:2      | Reached XP level 6. HP: 21/32 MP: 3/12
  3001 | D:3      | Found a broken altar of Ashenzari.
  3153 | D:3      | Found a stormy altar of Qazlal.
  3454 | D:4      | Reached skill level 8 in Air Magic
  3463 | D:3      | Learned a level 4 spell: Airstrike
  3748 | D:4      | Found a shadowy altar of Dithmenos.
  4530 | D:4      | Reached XP level 7. HP: 35/36 MP: 8/14
  4637 | D:4      | Reached skill level 9 in Air Magic
  4846 | D:4      | Found a runed translucent door.
  4847 | D:4      | Noticed Crazy Yiuf
  4863 | D:4      | Killed Crazy Yiuf
  4967 | D:5      | Entered Level 5 of the Dungeon
  5179 | D:3      | Became a worshipper of Ashenzari the Shackled
  5274 | D:5      | Found a glowing drain.
  5287 | Sewer    | Entered a sewer
  5344 | Sewer    | Reached skill level 10 in Air Magic
  5470 | Sewer    | Reached skill level 5 in Spellcasting
  5470 | Sewer    | Reached XP level 8. HP: 41/41 MP: 9/16
  6052 | Sewer    | Reached skill level 11 in Air Magic
  6690 | D:5      | Reached skill level 12 in Air Magic
  6784 | D:5      | Reached XP level 9. HP: 38/45 MP: 10/19
  7485 | D:6      | Found a staircase to the Ecumenical Temple.
  7494 | Temple   | Entered the Ecumenical Temple
  8049 | D:6      | Reached skill level 1 in Shields
  8179 | D:6      | Reached skill level 1 in Armour
  8443 | D:6      | Reached skill level 1 in Fighting
  8941 | D:7      | Reached skill level 13 in Air Magic
  9049 | D:7      | Noticed a troll
  9055 | D:7      | Killed a troll
  9472 | D:7      | Reached * piety under Ashenzari
  9737 | D:7      | Reached XP level 10. HP: 53/54 MP: 4/21
  9957 | D:7      | Found a runed translucent door.
  9962 | D:7      | Found the +10 tower shield of Ignorance {rN+ Int-4}
  9989 | D:7      | Found a runed translucent door.
 10310 | D:7      | Noticed an orange crystal statue
 10798 | D:8      | Learned a level 5 spell: Lightning Bolt
 11355 | D:8      | Reached skill level 14 in Air Magic
 11407 | D:8      | Noticed Joseph
 11412 | D:8      | Killed Joseph
 12946 | D:10     | Entered Level 10 of the Dungeon
 13095 | D:9      | Reached skill level 5 in Armour
 13167 | D:10     | Reached XP level 11. HP: 54/62 MP: 14/23
 13707 | D:10     | Reached skill level 15 in Air Magic
 14058 | D:10     | Noticed Grum
 14077 | D:10     | Killed Grum
 14077 | D:10     | Reached skill level 5 in Fighting
 14796 | D:10     | Killed an unseen horror
 15072 | D:11     | Found Mosteg's Assorted Antiques.
 15096 | D:11     | Bought a scroll labelled KUEGOD GUSMU for 25 gold pieces
 15096 | D:11     | Bought a scroll labelled DYUCOQ REROFI for 25 gold pieces
 15105 | D:11     | Bought a runed demon trident for 450 gold pieces
 15219 | D:11     | Reached skill level 1 in Polearms
 15641 | D:11     | Noticed Psyche
 15765 | D:11     | Killed Psyche
 16105 | D:11     | Noticed Josephine
 16280 | D:11     | Killed Josephine
 16413 | D:10     | Reached skill level 5 in Polearms
 16564 | D:11     | Found a staircase to the Lair.
 17369 | D:12     | Found a gate leading to a gauntlet.
 17379 | D:12     | Reached XP level 12. HP: 43/71 MP: 14/25
 17408 | Gauntlet | Entered a Gauntlet
 17408 | Gauntlet | Found a transporter.
 17417 | Gauntlet | Found a transporter.
 17516 | Gauntlet | Found a transporter.
 17521 | Gauntlet | Found a transporter.
 17536 | Gauntlet | Found a transporter.
 17556 | Gauntlet | Found a transporter.
 17564 | Gauntlet | Noticed a great orb of eyes
 17568 | Gauntlet | Found a transporter.
 17580 | Gauntlet | Found a transporter.
 17592 | Gauntlet | Found a transporter.
 17601 | Gauntlet | Noticed a balrug
 17604 | Gauntlet | Found a transporter.
 17621 | Gauntlet | Found a transporter.
 17638 | Gauntlet | Found a transporter.
 17640 | Gauntlet | Found a transporter.
 17667 | Gauntlet | Found a transporter.
 17669 | Gauntlet | Found a transporter.
 17671 | Gauntlet | Found a transporter.
 17698 | Gauntlet | Found a transporter.
 17847 | Gauntlet | Reached ** piety under Ashenzari
 17850 | Gauntlet | Found a transporter.
 18010 | Gauntlet | Killed a balrug
 18021 | Gauntlet | Got the cursed cloak of the Invisible Wishes {rF+}
 18038 | Gauntlet | Identified the cursed +0 cloak of the Invisible Wishes
                  | {rF+} (You found it in a Gauntlet)
 18345 | Gauntlet | Noticed a minotaur
 18361 | Gauntlet | Killed a minotaur
 18591 | D:12     | Noticed a seven-headed hydra
 18604 | D:12     | Killed a seven-headed hydra
 18706 | D:12     | Found a staircase to the Orcish Mines.
 19076 | D:12     | Found a runed translucent gate.
 19078 | D:12     | Found a runed translucent gate.
 19078 | D:12     | Found a runed translucent gate.
 19079 | D:12     | Noticed a nine-headed hydra
 19079 | D:12     | Noticed a 13-headed hydra
 19080 | D:12     | Noticed Sun's ghost (journeyman DgFE)
 19121 | D:12     | Noticed a two-headed ogre
 19127 | D:12     | Killed a two-headed ogre
 19604 | Lair:1   | Entered Level 1 of the Lair of Beasts
 19956 | Lair:1   | Noticed Maggie
 19960 | Lair:1   | Killed Maggie
 21536 | Lair:2   | Found a frozen archway.
 21543 | Lair:2   | Reached XP level 13. HP: 58/78 MP: 17/26
 21613 | IceCv    | Entered an ice cave
 21728 | IceCv    | Reached skill level 16 in Air Magic
 21887 | IceCv    | Reached skill level 5 in Conjurations
 21895 | IceCv    | Reached skill level 10 in Polearms
 23109 | IceCv    | Noticed a frost giant
 23110 | IceCv    | Identified the +1 chain mail of Spring Thaw {rC+ SInv}
 23114 | IceCv    | Killed a frost giant
 23655 | Lair:2   | Reached *** piety under Ashenzari
 23679 | Lair:2   | Noticed Nergalle
 23697 | Lair:2   | Killed Nergalle
 25204 | Lair:3   | Reached XP level 14. HP: 79/86 MP: 28/28
 25789 | Lair:3   | Found a staircase to the Swamp.
 26179 | Lair:4   | Reached skill level 10 in Spellcasting
 26236 | Lair:4   | Found a hole to the Spider Nest.
 26363 | Lair:4   | Reached skill level 5 in Shields
 26535 | Lair:4   | Reached **** piety under Ashenzari
 26660 | Lair:4   | Reached skill level 10 in Fighting
 26847 | Lair:4   | Upgraded the game from 0.26-a0-812-g31a745ddcd to
                  | 0.26-a0-831-g7192265339
 27580 | Lair:5   | Reached skill level 5 in Dodging
 27731 | Lair:5   | Identified the ring of Tiottaom {rElec Stlth-}
 28638 | Lair:6   | Entered Level 6 of the Lair of Beasts
 28640 | Lair:6   | Identified the cursed +1 dagger "Ariug" {protect, *Contam
                  | Str+4 Int+4 SInv}
 28775 | Lair:6   | Reached ***** piety under Ashenzari
 28776 | Lair:6   | Noticed Snorg
 28789 | Lair:6   | Killed Snorg
 28812 | Lair:6   | Slain by a lindwurm

Illustrated notes

Levels and vault maps discovered:
D:1:      minmay_arrival_three_doors, layout_basic, st_stairs_9,
          okawaru_ov_weapons_minmay
D:2:      layout_loops_ring, lexackson_kobold_supper, uniq_sigmund
D:3:      layout_basic, evilmike_ruin_ashenzari,
          nicolae_qazlal_general_emergency
D:4:      layout_loops_corners, grunt_dithmenos_smoke, uniq_crazy_yiuf_cottage
D:5:      layout_rooms, cheibrodos_sewer_entry_drain
D:6:      wad_woods_tower, layout_rooms, temple_hall
D:7:      cheibrodos_steamvent, layout_loops_ring,
          chequers_guarded_unrand_ignorance
D:8:      layout_rooms, uniq_joseph
D:9:      layout_basic
D:10:     layout_irregular_city, uniq_grum
D:11:     layout_rooms, erik_lair_orcish_takeover, serial_shops, shop,
          hangedman_fish_farm, uniq_josephine, uniq_psyche
D:12:     layout_roguey, hiddenorc2_lemuel, gauntlet_entry_generic,
          gammafunk_ghost_hydra_chop
Temple:   regret_index_temple_sigil_plot
Lair:1:   statuecave_lemuel, layout_small_grid, minmay_lair_oklob_chamber,
          uniq_maggie
Lair:2:   layout_cave_pods, portal_ice_cave_demonic_guard, uniq_nergalle
Lair:3:   layout_roguey, minmay_swamp_entry_reptiles, serial_bayou_pond_a,
          lemuel_fruit_fields
Lair:4:   layout_loops_ring, nicolae_spider_entry_tight_spaces,
          chequers_serial_rivers_micro_d, grunt_megastairs_4
Lair:5:   layout_regular_city, serial_bayou_lagoon_a, serial_bayou_pond_a
Lair:6:   guppyfry_lair_end_dragon, layout_hall_layers,
          nicolae_slime_entry_slimehenge, lemuel_fruit_tree, uniq_kirke,
          uniq_snorg

Skill      XL: |  1  2  3  4  5  6  7  8  9 10 11 12 13 14 |
---------------+-------------------------------------------+-----
Air Magic      | 5 7 8 10 12 13 14 15 16 | 16.5
Spellcasting   | 3 4 5 6 7 8 9 10 | 10.0
Shields        | 2 4 6 |  6.8
Armour         | 3 5 7 9 |  9.2
Fighting       | 2 4 6 8 9 10 | 10.6
Polearms       | 6 9 11 | 11.3
Conjurations   | 4 7 8 |  8.0
Dodging        | 6 |  6.3
Stealth        | |  2.0

Action                   |  1- 3 |  4- 6 |  7- 9 | 10-12 | 13-15 || total
-------------------------+-------+-------+-------+-------+-------++-------
Melee: Unarmed           |     1 |       |       |       |       ||     1
       Dagger            |    11 |     1 |    50 |    72 |       ||   134
       Kick              |       |       |    13 |    66 |   177 ||   256
       Peck              |       |       |     7 |    40 |   123 ||   170
       Demon trident     |       |       |       |   255 |   754 ||  1009
Throw: Javelin           |       |       |       |     9 |    31 ||    40
 Cast: Shock             |    57 |   119 |   160 |       |       ||   336
       Airstrike         |       |     1 |    77 |   302 |    80 ||   460
       Static Discharge  |       |       |       |     8 |    14 ||    22
       Lightning Bolt    |       |       |       |    15 |    27 ||    42
Invok: Curse Item        |       |       |       |     4 |     1 ||     5
 Abil: Fly               |       |       |       |     1 |       ||     1
Evoke: Lightning rod     |       |       |       |     6 |       ||     6
       Wand              |       |       |       |     3 |       ||     3
  Use: Scroll            |       |       |       |    27 |       ||    27
       Potion            |       |       |       |     3 |       ||     3
 Stab: Distracted        |       |       |       |     1 |       ||     1
       Sleeping          |       |       |       |     1 |     1 ||     2
Armor: Robe              |    10 |    10 |    16 |       |       ||    36
       Quicksilver drago |       |       |     6 |   172 |   240 ||   418
Dodge: Dodged            |    13 |    18 |    49 |   228 |   283 ||   591
Block: Buckler           |       |       |     2 |    82 |    53 ||   137
       Kite shield       |       |       |       |       |   148 ||   148

Table legend: (Time is in decaauts)
 A = Elapsed time spent in this place.
 B = Non-inter-level travel time spent in this place.
 C = Inter-level travel time spent in this place.
 D = Time resting spent in this place.
 E = Time spent auto-exploring this place.
 F = Levels seen in this place.
 G = Mean time per level.
                   A        B        C        D        E       F      G
               +--------+--------+--------+--------+--------+-----+--------+
         Total |  28226 |  27569 |    657 |   2761 |  20532 |  22 | 1283.0 |
       Dungeon |  17018 |  16465 |    553 |   1199 |  12871 |  12 | 1418.2 |
        Temple |    283 |    258 |     25 |      0 |    258 |   1 |  283.0 |
          Lair |   6745 |   6667 |     78 |    668 |   5063 |   6 | 1124.2 |
         Sewer |   1308 |   1308 |      0 |      0 |   1121 |   1 | 1308.0 |
      Ice Cave |   1776 |   1776 |      0 |    407 |    979 |   1 | 1776.0 |
      Gauntlet |   1094 |   1094 |      0 |    487 |    238 |   1 | 1094.0 |
               +--------+--------+--------+--------+--------+-----+--------+

Top non-repeatable levels by time:
    D:10: 2303 daAuts
    D:11: 1926 daAuts
     D:7: 1898 daAuts
   IceCv: 1776 daAuts
  Lair:1: 1773 daAuts
     D:2: 1587 daAuts
     D:4: 1578 daAuts
  Lair:3: 1380 daAuts
     D:9: 1317 daAuts
   Sewer: 1308 daAuts
  Lair:4: 1282 daAuts
     D:5: 1200 daAuts
  Lair:2: 1180 daAuts
     D:6: 1153 daAuts
Gauntlet: 1094 daAuts
